Map: Dusk Towers

Players

Lambo - Winner!

  • Race: Zerg Zerg
  • League: Grandmaster

Avokado

  • Race: Terran Terran
  • League: Master

Event: DreamHack ROCCAT LotV Championship

VOD

Have the link to the VOD?

Description

Time

  • Played on: Nov. 26, 2015, 7:14 a.m.
  • Length: 9:53

All games in this series

Show
View Real Time Build Order
Export as new Build Order

Lambo Zerg - Winner!

Build Orders: Hatch First 

Get SALT Encoding   

  12  0:00  Drone  
  13  0:12  Overlord  
  13  0:17  Drone  
  14  0:30  Drone  
  14  0:31  Drone  
  16  0:37  Drone  
  17  0:53  Hatchery  
  17  0:55  Drone  
  17  1:09  Spawning Pool  
  17  1:11  Drone  
  17  1:16  Drone  
  18  1:34  Hatchery  
  18  1:37  Drone  
  18  1:40  Drone  
  18  1:43  Drone  
  20  1:52  Extractor  
  19  1:56  Queen  
  21  2:04  Queen  
  21  2:06  Zergling x2  
  24  2:10  Drone  
  24  2:11  Drone  
  26  2:18  Overlord  
  26  2:21  Drone  
  27  2:27  Drone  
  28  2:35  Drone  
  28  2:41  Queen  
  28  2:43  Drone x2  
  28  2:44  Drone  
  33  2:53  Drone  
  33  2:54  Queen  
  36  3:01  Metabolic Boost  
  36  3:04  Overlord  
  36  3:07  Drone  
  36  3:12  Drone x2  
  39  3:15  Drone x2  
  41  3:22  Queen  
  41  3:24  Drone  
  44  3:27  Overlord  
  44  3:29  Drone  
  44  3:31  Drone  
  44  3:32  Drone  
  47  3:39  Drone x2  
  49  3:44  Roach Warren  
  49  3:45  Zergling x4, Extractor  
  49  3:46  Zergling x2  
  50  3:49  Drone  
  50  3:53  Drone x2  
  53  3:58  Drone x4  
  53  4:01  Overlord  
  57  4:08  Drone  
  57  4:09  Overlord  
  58  4:15  Overlord  
  58  4:19  Evolution Chamber  
  58  4:20  Drone x3  
  58  4:21  Evolution Chamber, Spore Crawler  
  58  4:26  Drone x3  
  58  4:29  Lair  
  61  4:34  Drone x2, Spore Crawler  
  62  4:40  Drone x3  
  62  4:43  Zergling x4  
  62  4:44  Roach  
  68  4:46  Roach  
  68  4:48  Roach  
  76  4:52  Roach  
  76  4:53  Roach  
  76  4:57  Roach x2  
  80  5:03  Overlord  
  80  5:12  Roach x2  
  80  5:13  Roach, Zergling x4  
  81  5:17  Drone  
  81  5:21  Overlord  
  82  5:23  Overlord  
  82  5:26  Extractor x2  
  82  5:27  Queen  
  82  5:32  Overlord  
  82  5:35  Extractor  
  81  5:37  Zerg Missile Weapons Level 1, Extractor  
  81  5:38  Overlord  
  81  5:41  Overlord  
  81  5:42  Drone x3  
  83  5:43  Drone x4  
  83  5:49  Drone x2  
  89  5:57  Zerg Ground Armor Level 1  
  89  5:58  Overlord  
  89  5:59  Drone x2  
  89  6:00  Drone x4  
  95  6:08  Drone x3  
  98  6:15  Roach x3  
  98  6:16  Overseer  
  104  6:19  Hatchery  
  104  6:20  Roach  
  104  6:21  Ravager x2  
  104  6:22  Ravager  
  109  6:25  Drone  
  109  6:26  Drone  
  109  6:28  Glial Reconstitution  
  109  6:30  Roach x2  
  114  6:35  Overlord  
  114  6:36  Roach x3  
  120  6:40  Overseer  
  120  6:48  Overlord  
  120  6:49  Roach  
  120  6:50  Roach x4  
  130  6:56  Hydralisk Den, Overseer  
  130  6:58  Extractor  
  128  7:02  Spore Crawler  
  126  7:09  Drone x4  
  126  7:12  Roach x7  
  142  7:23  Roach x2  
  146  7:31  Overlord x2, Muscular Augments  
  146  7:33  Roach x3  
  146  7:35  Spore Crawler  
  151  7:41  Overlord x2  
  151  7:50  Roach  
  151  7:51  Roach x8  
  155  8:00  Roach x7  
  147  8:18  Roach  
  147  8:19  Roach x9  
  138  8:30  Hydralisk x4  
  142  8:38  Drone  
  142  8:39  Drone x4  
  147  8:46  Hydralisk x4  
  155  8:51  Extractor  
  155  8:53  Drone x3  
  155  8:54  Drone  
  158  8:57  Hydralisk x2, Extractor  
  158  8:59  Ravager x2  
  158  9:01  Drone x3  
  166  9:03  Drone  
  166  9:05  Drone, Ravager  
  166  9:06  Ravager  
  168  9:18  Hydralisk x4  
  168  9:20  Roach  
  178  9:27  Roach  
  178  9:28  Roach x2  
Show
View Real Time Build Order
Export as new Build Order

Avokado Terran 

Build Orders: Reaper Expand, Hellion Banshee, MMM Bio 

Get SALT Encoding   

  12  0:00  SCV  
  13  0:12  SCV  
  14  0:17  Supply Depot  
  14  0:24  SCV  
  15  0:39  SCV  
  15  0:40  Barracks  
  16  0:43  Refinery  
  16  0:51  SCV  
  17  1:03  SCV  
  18  1:15  SCV  
  19  1:27  Orbital Command  
  19  1:28  Reaper  
  20  1:39  Command Center  
  20  1:49  Supply Depot  
  20  1:53  SCV  
  21  1:56  Refinery  
  21  2:05  Barracks Reactor  
  21  2:06  SCV  
  22  2:18  SCV  
  23  2:25  Factory  
  23  2:30  SCV  
  24  2:41  Marine  
  24  2:42  SCV, Marine  
  27  2:52  Orbital Command  
  27  2:54  SCV  
  27  2:57  Orbital Command  
  28  2:59  Marine x2  
  30  3:06  SCV  
  30  3:11  Starport  
  31  3:18  SCV  
  32  3:23  SCV  
  33  3:29  Hellion x2  
  33  3:30  SCV  
  33  3:31  Marine  
  39  3:35  SCV  
  39  3:36  Supply Depot  
  40  3:42  SCV  
  40  3:47  Armory, SCV, Starport Tech Lab  
  42  3:49  Marine  
  42  3:50  Hellion  
  42  3:54  Supply Depot  
  42  3:55  SCV  
  46  3:58  Hellion  
  46  3:59  Supply Depot  
  46  4:01  SCV  
  49  4:05  Medivac  
  49  4:07  Cloaking Field  
  51  4:12  Hellion  
  51  4:16  Marine  
  53  4:19  Hellion  
  53  4:22  SCV  
  53  4:24  SCV  
  57  4:33  Hellion  
  57  4:34  Marine  
  57  4:35  Banshee  
  63  4:40  Hellion  
  63  4:43  SCV x2  
  67  4:49  Supply Depot  
  67  4:51  Supply Depot  
  67  4:54  Hellion  
  67  4:55  Barracks Tech Lab  
  69  5:10  Hellion  
  66  5:16  SCV, Hellion  
  66  5:17  Marine  
  66  5:18  Banshee, Stimpack  
  66  5:21  SCV  
  72  5:25  Command Center  
  72  5:28  SCV  
  69  5:33  SCV  
  70  5:35  Marine  
  70  5:40  SCV, Barracks  
  70  5:41  Refinery, Barracks  
  72  5:45  SCV  
  73  5:50  Refinery  
  73  5:52  SCV  
  73  5:53  Engineering Bay  
  73  5:54  Marauder  
  73  5:56  Engineering Bay  
  76  5:57  SCV  
  77  6:04  SCV  
  77  6:09  SCV  
  79  6:14  Siege Tank  
  79  6:15  Medivac, Marauder  
  79  6:16  Supply Depot  
  86  6:22  Supply Depot  
  86  6:24  Terran Infantry Weapons Level 1  
  86  6:25  Terran Infantry Armor Level 1  
  86  6:28  Barracks Reactor x2  
  86  6:32  Supply Depot  
  86  6:35  Terran Vehicle Weapons Level 1  
  86  6:37  SCV x2, Marauder  
  90  6:49  SCV  
  90  6:50  Siege Tank  
  94  6:54  SCV  
  94  6:59  Marauder, Orbital Command  
  98  7:01  SCV  
  98  7:05  Medivac x2  
  98  7:07  SCV  
  103  7:13  SCV, Marine x4  
  108  7:19  SCV, Marine  
  110  7:25  SCV x2  
  112  7:30  Barracks  
  112  7:31  SCV  
  112  7:32  Barracks  
  112  7:34  Siege Tank  
  116  7:37  SCV  
  116  7:38  SCV, Marine, Marauder  
  116  7:40  Medivac  
  116  7:41  Marine  
  124  7:48  Combat Shields  
  124  7:49  Marine  
  125  7:55  SCV x2  
  125  7:56  SCV  
  125  7:57  Supply Depot  
  118  8:00  Marauder, Marine  
  105  8:06  Siege Tank, Marine x2  
  105  8:12  Marine  
  100  8:15  Orbital Command  
  100  8:17  SCV  
  100  8:18  Marine  
  100  8:19  Marine x2  
  90  8:20  SCV  
  90  8:22  Marauder  
  90  8:24  Marine  
  84  8:29  SCV  
  84  8:32  SCV  
  86  8:38  Siege Tank  
  86  8:39  Marine x3  
  86  8:41  SCV  
  93  8:43  Marine  
  93  8:47  Barracks Reactor, Barracks Tech Lab  
  93  8:48  Marine  
  95  8:49  SCV  
  96  8:56  SCV x2  
  96  8:58  Supply Depot  
  96  8:59  Refinery  
  96  9:00  Refinery, Marine x2  
  96  9:01  SCV, Marine  
  96  9:02  Factory  
  102  9:03  Marine  
  102  9:05  Marine  
  102  9:06  Marauder  
  106  9:18  Marine x2  
  106  9:19  Siege Tank, Marine  
  106  9:20  Medivac  
  106  9:21  Marine  
  106  9:23  Marauder  
  117  9:25  Marine  
  117  9:26  Supply Depot, Marine  
  117  9:28  Marauder  

Tags
 
Add a new tag
Caveats
  • Supply blocks, unpowered buildings, or Contaminate may cause inaccurate times.
  • Supply counts are checked every 10 seconds.